 Dungeon Crawl Stone Soup version 0.20-a0-463-g5747544 (webtiles) character file.

35 Nvm9 the Skirmisher (level 3, -3/29 HPs)
             Began as a Demonspawn Fighter on Jan 11, 2017.
             Slain by a gnoll
             ... wielding a +0 spear
              (4 damage)
             ... on level 1 of the Dungeon.
             The game lasted 00:01:20 (491 turns).

Nvm9 the Skirmisher (Demonspawn Fighter)             Turns: 491, Time: 00:01:21

Health: -3/29      AC: 11    Str: 17    XL:     3   Next: 16%
Magic:  3/3        EV:  4    Int:  9    God:
Gold:   43         SH: 10    Dex: 12    Spells: 2/2 levels left

rFire  . . .     SeeInvis .     a - +1 war axe
rCold  . . .     Gourm    .     g - +0 chain mail (curse)
rNeg   . . .     Faith    .     c - +1 shield
rPois  .         Spirit   .     (no helmet)
rElec  .         Reflect  .     (no cloak)
rCorr  .         Harm     .     (no gloves)
MR     .....                    (no boots)
Stlth  ..........               (no amulet)
                                (no ring)
                                (no ring)

@: lethally poisoned (-3 -> -6)
A: hooves 1, iridescent scales 1
a: no special abilities


You were on level 1 of the Dungeon.
You were not hungry.

You visited 1 branch of the dungeon, and saw 2 of its levels.

You collected 43 gold pieces.

Inventory:

Hand Weapons
 a - a +1 war axe (weapon)
Armour
 b - a +0 scale mail
 c - a +1 shield (worn)
 g - a cursed +0 chain mail (worn)
 l - a +0 plate armour
Potions
 d - a potion of might
 h - a potion of lignification
 j - a potion of ambrosia {unknown}
Comestibles
 f - 2 bread rations
 k - a beef jerky


   Skills:
 + Level 3.3 Fighting
 + Level 2.1 Axes
 * Level 3.1 Armour
 + Level 3.0 Shields


You had 2 spell levels left.
You didn't know any spells.

Dungeon Overview and Level Annotations

Branches:
Dungeon (2/15)

Altars:


Innate Abilities, Weirdness & Mutations

You have large cloven feet.
You are partially covered in iridescent scales. (AC +2)


Message History

Unknown command.
You block the gnoll's attack.
You see here a whip.
You hit the gnoll but do no damage.
The gnoll is heavily wounded.
You miss the adder.
You feel sick. The adder bites you but does no damage.
You block the gnoll's attack. The adder bites you.
* * * LOW HITPOINT WARNING * * *
You barely miss the gnoll.
The gnoll is heavily wounded.
You hit the adder. The adder bites you but does no damage.
The gnoll hits you with a spear.
* * * LOW HITPOINT WARNING * * *
You block the adder's attack. You block the gnoll's attack.
You hit the gnoll.
The gnoll is almost dead.
You hit the adder.
* * * LOW HITPOINT WARNING * * *
You feel sick. You block the adder's attack. The gnoll hits you with a spear.
You die...

##......# #...# #.####.# #...#
#># #.## #...# ##### #.#
#..####...# ....###### #.##
##........# ###...>..#
#..#####..#....# ######.##
##.##....#.....# #).#
###.....#....##### ##.#
#g@..####.##.# ##.#####S##.#
##.##.###
########........##.###..##...###
.........#.#######..##.#####...#
##########...## ##.##.# ##...#
###..# #.##.####....## ##.##
#.#...........) #..#
#.#..###.....##
##.####...###..#####


You could see a gnoll and an adder.

Vanquished Creatures
  A gnoll (D:1)
  An adder (D:1)
  2 leopard geckos (D:1)
  A giant cockroach (D:2)
  2 hobgoblins (D:1)
  4 kobolds (D:1)
  A ball python (D:1)
  2 bats
  A frilled lizard (D:1)
  A rat (D:1)
16 creatures vanquished.

Notes
Turn   | Place    | Note
-------+----------+-------------------------------------------
     0 | D:1      | Nvm9 the Demonspawn Fighter began the quest for the Orb.
     0 | D:1      | Reached XP level 1. HP: 18/18 MP: 1/1
   136 | D:1      | Gained mutation: You have large cloven feet. [demonic ancestry]
   136 | D:1      | Reached XP level 2. HP: 20/24 MP: 2/2
   480 | D:1      | Gained mutation: You are partially covered in iridescent scales. (AC +2) [demonic ancestry]
   480 | D:1      | Reached XP level 3. HP: 25/29 MP: 3/3
   491 | D:1      | HP: 1/29 [poisoned by an adder]
   491 | D:1      | Slain by a gnoll

Vault maps used:
D:1:      minmay_arrival_checkered_box, minmay_split_cup_small
D:2:      marbit_many_paths, serial_park_tiny_1, st_stairs_1

Skill      XL: |  1  2 |
---------------+-------+-----
Shields        | 3 |  3.0
Axes           | 2 |  2.1
Armour         | 3 |  3.1
Fighting       | |  3.3

Action                   || total
-------------------------++-------
Melee: War axe           ||    45
       Kick              ||     2
  Use: Scroll            ||     4
Armor: Chain mail        ||    29
       Scale mail        ||     4
       Plate armour      ||     1
Dodge: Dodged            ||    11
Block: Shield            ||    32
